 Dungeon Sprint DCSS version 0.31-a0-1071-gaead2f62b1 (webtiles) character file.

Game seed: 11459726757278641468

1182 rocky1 the Grappler (level 8, -19/64 (67) HPs)
             Began as a Gnoll Shapeshifter on Nov 26, 2023.
             Was an Initiate of Gozag.
             Killed from afar by Josephine (21 damage)
             ... with a ghostly fireball
             ... in the Dungeon (Sprint III: "The Ten Rune Challenge").
             The game lasted 00:03:14 (1391 turns).

rocky1 the Grappler (Gnoll Shapeshifter)            Turns: 1391, Time: 00:03:15

HP:   -19/64 (67)   AC:  3    Str: 17    XL:     8   Next: 42%
MP:   17/17         EV: 14    Int:  9    God:    Gozag
Gold: 605           SH:  0    Dex: 11    Spells: 18/20 levels left

rFire   . .          .
                       - Unarmed
rCold   . . .        (no shield)
rNeg    . . .        o - +0 leather armour
rPois   .            (helmet currently unavailable)
rElec   .            (cloak currently unavailable)
rCorr   .            (gloves currently unavailable)
SInv    .            (boots currently unavailable)
Will    .....        (no amulet)
Stlth   +++          (no ring)
HPRegen 0.30/turn    (no ring)
MPRegen 0.15/turn

%: no teleportation
@: beast-form, lightly drained
A: beast (slay +4), fangs 1, strong nose, distributed training
a: Begin Untransformation, Renounce Religion, Potion Petition, Call Merchant,
Bribe Branch


You were in the Dungeon.
You worshipped Gozag.
Gozag was pleased with you.
You were a hulking beast.
You visited 1 branch You collected 605 gold pieces.

Inventory:

Hand Weapons
 l - a +2 long sword of holy wrath
Armour
 a - a +0 animal skin
 o - a +0 leather armour (worn)
Talismans
 c - a beast talisman
 d - a flux talisman
Wands
 g - a wand of quicksilver (3)
 i - a wand of flame (20)
Scrolls
 j - a scroll of blinking
 k - a scroll of immolation
 n - a scroll of poison
Potions
 b - 5 potions of mutation
 e - a potion of curing
 f - a potion of heal wounds
 h - 2 potions of magic
 m - 2 potions of enlightenment


   Skills:
 + Level 7.1 Fighting
 + Level 6.6 Short Blades
 + Level 6.6 Long Blades
 + Level 6.6 Axes
 + Level 6.6 Maces & Flails
 + Level 6.6 Polearms
 + Level 6.6 Staves
 + Level 6.6 Ranged Weapons
 + Level 6.6 Throwing
 + Level 6.6 Armour
 + Level 8.1 Dodging
 + Level 6.6 Stealth
 + Level 6.6 Shields
 + Level 9.4 Unarmed Combat
 + Level 6.6 Spellcasting
 + Level 5.5 Conjurations
 + Level 5.5 Hexes
 + Level 5.5 Summonings
 + Level 5.5 Necromancy
 + Level 5.5 Translocations
 + Level 5.5 Transmutations
 + Level 5.5 Fire Magic
 + Level 5.5 Ice Magic
 + Level 5.5 Air Magic
 + Level 5.5 Earth Magic
 + Level 5.5 Poison Magic
 + Level 7.2 Invocations
 + Level 6.6 Evocations
 + Level 9.0 Shapeshifting


You had 18 spell levels left.
You knew the following spells:

 Your Spells              Type           Power      Damage    Failure   Level
a - Blink                 Tloc           24%        N/A       4%          2

Your spell library contained the following spells:

 Spells                   Type           Power      Damage    Failure   Level
 Lesser Beckoning         Tloc           24%        N/A       4%          2
 Momentum Strike          Conj/Tloc      24%        3d8       4%          2


Dungeon Overview and Level Annotations

Branches:
Dungeon (1/1)

Altars:
Cheibriados
Dithmenos
Elyvilon
Fedhas
Gozag
Hepliaklqana
Kikubaaqudgha
Makhleb
Nemelex Xobeh
Okawaru
Qazlal
Ru
Sif Muna
Trog
Uskayaw
Vehumet
Wu Jian
Xom
Yredelemnul
Zin
The Shining One
Jiyva
Lugonu

Annotations:
D Josephine


Innate Abilities, Weirdness & Mutations

You are a hulking beast.
Your limbs bulge with bestial killing power. (Slay +4)
You have very sharp teeth.
Your uncanny sense of smell can sniff out nearby items.
Your experience applies equally to all skills.


Message History

Josephine is lightly wounded.
You feel very sick.
Josephine hits you with a +2 dagger of venom.
You are more poisoned.
You punch Josephine! You punch Josephine, but do no damage.
You bite Josephine, but do no damage.
Josephine is moderately wounded.
You feel very sick.
Josephine hits you with a +2 dagger of venom.
You are more poisoned.
Aiming: Quicksilver Bolt
Press: ? - help, Shift-Dir - straight line, f - Josephine
Aim: Josephine, wielding a +2 dagger of venom and wearing a +1 robe of cold resistance (black smoke, moderately wounded, 74% to hit)
The bolt of dispelling energy hits Josephine!
Josephine is severely wounded.
You feel very sick.
Josephine grinds her teeth.
Josephine draws life force from you!
Josephine is healed by the life force!
Aiming: Quicksilver Bolt
Press: ? - help, Shift-Dir - straight line, f/p - Josephine
Aim: Josephine, wielding a +2 dagger of venom and wearing a +1 robe of cold resistance (black smoke, heavily wounded, 74% to hit)
The bolt of dispelling energy hits Josephine!!
Josephine is severely wounded.
You feel very sick.
Josephine hits you with a +2 dagger of venom!
* * * LOW HITPOINT WARNING * * *
You are more poisoned.
You feel better. Josephine draws life force from you!
* * * LOW HITPOINT WARNING * * *
Josephine is healed by the life force!
Aiming: Quicksilver Bolt
Press: ? - help, Shift-Dir - straight line, f/p - Josephine
Aim: Josephine, wielding a +2 dagger of venom and wearing a +1 robe of cold resistance (black smoke, severely wounded, 74% to hit)
The bolt of dispelling energy hits Josephine!!
Josephine is almost dead.
Josephine points at you and mumbles some strange words.
The ghostly flame explodes!
The ghostly fireball engulfs you!!
You feel drained.
You die...
Your body crumbles into a pile of gold.

##.############ ∆∆
#..#___#___#__#∆ ∆∆∆
∆ #..#...#__.#._#
#..###'#'###)##∆ ∆∆
#..#..........#∆ ∆
...'.⌠........# ∆∆ ∆
∆ ...#...######'#∆ ∆
∆∆
...#.⌠.#__#...#+#####
...#...#__#...#.h§§~+
...#'###__#...#.#@§~#
...#)).#__#...'.#§§.#
...#___#__'...#.#§§.#
▓▓▓▓▓▓▓▓▓▓▓▓▓▓▓▓▓▓▓▓▓


You could see Josephine.

Vanquished Creatures
  A deep elf pyromancer (D)
  A shadow (D)
  A spatial vortex (D)
  A necrophage (D)
  A water elemental (D)
  A jelly (D)
  A necromancer (D)
  An arcanist (D)
  A kobold demonologist (D)
  3 humans (D)
  A wolf (D)
  An endoplasm (D)
  3 rats (D)
17 creatures vanquished.

Notes
Turn   | Place    | Note
-------+----------+-------------------------------------------
     0 | D        | rocky1 the Gnoll Shapeshifter began the quest for the Orb.
     0 | D        | Reached XP level 1. HP: 17/17 MP: 1/1
    58 | D        | Noticed a wolf
    82 | D        | Reached skill level 1 in Short Blades
    82 | D        | Reached skill level 1 in Long Blades
    82 | D        | Reached skill level 1 in Axes
    82 | D        | Reached skill level 1 in Maces & Flails
    82 | D        | Reached skill level 1 in Polearms
    82 | D        | Reached skill level 1 in Staves
    82 | D        | Reached skill level 1 in Ranged Weapons
    82 | D        | Reached skill level 1 in Throwing
    82 | D        | Reached skill level 1 in Armour
    82 | D        | Reached skill level 1 in Stealth
    82 | D        | Reached skill level 1 in Shields
    82 | D        | Reached skill level 1 in Spellcasting
    82 | D        | Reached skill level 1 in Conjurations
    82 | D        | Reached skill level 1 in Hexes
    82 | D        | Reached skill level 1 in Summonings
    82 | D        | Reached skill level 1 in Necromancy
    82 | D        | Reached skill level 1 in Translocations
    82 | D        | Reached skill level 1 in Transmutations
    82 | D        | Reached skill level 1 in Fire Magic
    82 | D        | Reached skill level 1 in Ice Magic
    82 | D        | Reached skill level 1 in Air Magic
    82 | D        | Reached skill level 1 in Earth Magic
    82 | D        | Reached skill level 1 in Poison Magic
    82 | D        | Reached skill level 1 in Invocations
    82 | D        | Reached skill level 1 in Evocations
    82 | D        | Reached XP level 2. HP: 24/24 MP: 2/4
   279 | D        | Reached skill level 5 in Dodging
   279 | D        | Reached XP level 3. HP: 29/29 MP: 4/6
   304 | D        | Noticed a water elemental
   311 | D        | Killed a water elemental
   312 | D        | Reached XP level 4. HP: 36/37 MP: 6/8
   473 | D        | Noticed a shadow
   480 | D        | Killed a shadow
   481 | D        | Reached skill level 5 in Fighting
   481 | D        | Reached XP level 5. HP: 13/44 MP: 8/11
   481 | D        | Reached XP level 6. HP: 15/51 MP: 8/12
   494 | D        | Found a blossoming altar of Fedhas.
   494 | D        | Found a stormy altar of Qazlal.
   494 | D        | Found a snail-covered altar of Cheibriados.
   494 | D        | Found a burning altar of Makhleb.
   494 | D        | Found a shimmering altar of Xom.
   495 | D        | Found a hazy altar of Hepliaklqana.
   495 | D        | Found an opulent altar of Gozag.
   495 | D        | Found a sparkling altar of Nemelex Xobeh.
   495 | D        | Found a corrupted altar of Lugonu.
   495 | D        | Found a viscous altar of Jiyva.
   495 | D        | Noticed a spatial vortex
   499 | D        | Became a worshipper of Gozag Ym Sagoz the Greedy
   507 | D        | Killed a spatial vortex
   508 | D        | Reached skill level 5 in Short Blades
   508 | D        | Reached skill level 5 in Long Blades
   508 | D        | Reached skill level 5 in Axes
   508 | D        | Reached skill level 5 in Maces & Flails
   508 | D        | Reached skill level 5 in Polearms
   508 | D        | Reached skill level 5 in Staves
   508 | D        | Reached skill level 5 in Ranged Weapons
   508 | D        | Reached skill level 5 in Throwing
   508 | D        | Reached skill level 5 in Armour
   508 | D        | Reached skill level 5 in Stealth
   508 | D        | Reached skill level 5 in Shields
   508 | D        | Reached skill level 5 in Spellcasting
   508 | D        | Reached skill level 5 in Invocations
   508 | D        | Reached skill level 5 in Evocations
   682 | D        | Found a basalt altar of Yredelemnul.
   682 | D        | Found a shadowy altar of Dithmenos.
   682 | D        | Found a sacrificial altar of Ru.
   689 | D        | Reached XP level 7. HP: 52/57 MP: 14/14
   816 | D        | Found a radiant altar of Vehumet.
   816 | D        | Found a shimmering blue altar of Sif Muna.
   816 | D        | Found an ancient bone altar of Kikubaaqudgha.
  1023 | D        | Learned a level 2 spell: Blink
  1031 | D        | Found a glowing silver altar of Zin.
  1031 | D        | Found a glowing golden altar of the Shining One.
  1031 | D        | Found a white marble altar of Elyvilon.
  1032 | D        | Noticed a deep elf pyromancer
  1037 | D        | Killed a deep elf pyromancer
  1038 | D        | Reached skill level 5 in Conjurations
  1038 | D        | Reached skill level 5 in Hexes
  1038 | D        | Reached skill level 5 in Summonings
  1038 | D        | Reached skill level 5 in Necromancy
  1038 | D        | Reached skill level 5 in Translocations
  1038 | D        | Reached skill level 5 in Transmutations
  1038 | D        | Reached skill level 5 in Fire Magic
  1038 | D        | Reached skill level 5 in Ice Magic
  1038 | D        | Reached skill level 5 in Air Magic
  1038 | D        | Reached skill level 5 in Earth Magic
  1038 | D        | Reached skill level 5 in Poison Magic
  1038 | D        | Reached XP level 8. HP: 10/65 MP: 15/17
  1331 | D        | Found a hide-covered altar of Uskayaw.
  1331 | D        | Found an iron altar of Okawaru.
  1331 | D        | Found a bloodstained altar of Trog.
  1331 | D        | Found an ornate altar of the Wu Jian Council.
  1380 | D        | Noticed Josephine
  1390 | D        | HP: 2/67 [Josephine/vampiric draining (16)]
  1391 | D        | Killed from afar by Josephine

Illustrated notes

Levels and vault maps discovered:
D:        dungeon_sprint_mu [sprint_mu_entry_cave, sprint_mu_temple_rooms,
          sprint_mu_d1_horrors, sprint_mu_d2_genie, sprint_mu_d3_branching,
          sprint_mu_orc_legion, sprint_mu_elf_gauntlet, sprint_mu_hive_nellie,
          sprint_mu_lair_fedhas, sprint_mu_vaults_butterflies,
          sprint_mu_slime_circle, sprint_mu_shoals_kraken,
          sprint_mu_snake_twists, sprint_mu_blade_basic,
          sprint_mu_crypt_fortress, sprint_mu_tomb_spiral,
          sprint_mu_vestibule_basic, sprint_mu_gehenna_hellfire,
          sprint_mu_dis_giant, sprint_mu_tartarus_statrot,
          sprint_mu_cocytus_islands, sprint_mu_zot1]

Skill      XL: |  1  2  3  4  5  6  7  8 |
---------------+-------------------------+-----
Fighting       | 3 5 6 7 |  7.1
Short Blades   | 1 2 4 5 6 |  6.6
Long Blades    | 1 2 4 5 6 |  6.6
Axes           | 1 2 4 5 6 |  6.6
Maces & Flails | 1 2 4 5 6 |  6.6
Polearms       | 1 2 4 5 6 |  6.6
Staves         | 1 2 4 5 6 |  6.6
Ranged Weapons | 1 2 4 5 6 |  6.6
Throwing       | 1 2 4 5 6 |  6.6
Armour         | 1 2 4 5 6 |  6.6
Stealth        | 1 2 4 5 6 |  6.6
Shields        | 1 2 4 5 6 |  6.6
Spellcasting   | 1 2 4 5 6 |  6.6
Conjurations   | 1 2 3 4 5 |  5.5
Hexes          | 1 2 3 4 5 |  5.5
Summonings     | 1 2 3 4 5 |  5.5
Necromancy     | 1 2 3 4 5 |  5.5
Translocations | 1 2 3 4 5 |  5.5
Transmutations | 1 2 3 4 5 |  5.5
Fire Magic     | 1 2 3 4 5 |  5.5
Ice Magic      | 1 2 3 4 5 |  5.5
Air Magic      | 1 2 3 4 5 |  5.5
Earth Magic    | 1 2 3 4 5 |  5.5
Poison Magic   | 1 2 3 4 5 |  5.5
Invocations    | 1 2 3 4 5 6 7 |  7.2
Evocations     | 1 2 4 5 6 |  6.6
Dodging        | 5 6 7 8 |  8.1
Unarmed Combat | 7 8 9 |  9.4
Shapeshifting  | 7 8 9 |  9.0

Action                     |  1- 3 |  4- 6 |  7- 9 || total
---------------------------+-------+-------+-------++-------
  Melee: Unarmed           |    30 |    23 |    21 ||    74
         Punch             |     1 |     1 |     2 ||     4
         Bite              |       |     4 |     7 ||    11
  Evoke: Wand              |       |       |     6 ||     6
    Use: Potion            |     2 |     2 |     1 ||     5
         Scroll            |     3 |       |       ||     3
   Stab: Distracted        |     1 |       |       ||     1
         Sleeping          |       |       |     1 ||     1
 Armour: Skin              |    12 |       |       ||    12
         Animal skin       |     6 |     4 |     8 ||    18
         Leather armour    |       |       |     5 ||     5
  Dodge: Dodged            |     8 |     5 |     5 ||    18

Table legend: (Time is in decaauts)
 A = Elapsed time spent in this place.
 B = Non-inter-level travel time spent in this place.
 C = Inter-level travel time spent in this place.
 D = Time resting spent in this place.
 E = Time spent auto-exploring this place.
 F = Levels seen in this place.
 G = Mean time per level.
                   A        B        C        D        E       F      G
               +--------+--------+--------+--------+--------+-----+--------+
         Total |   1380 |   1380 |      0 |   1071 |      0 |   1 | 1380.0 |
       Dungeon |   1380 |   1380 |      0 |   1071 |      0 |   1 | 1380.0 |
               +--------+--------+--------+--------+--------+-----+--------+

Top non-repeatable levels by time:
       D: 1380 daAuts
